 Dungeon Crawl Stone Soup version 0.31-a0-152-g6aa68a64a1 (webtiles) character file.

Game seed: 6718902809167604683

1520 qw the Skirmisher (level 8, -3/65 (74) HPs)
             Began as a Naga Hunter on June 9, 2023.
             Was a Follower of Okawaru.
             Slain by a wight
             ... wielding a +0 scimitar
              (7 damage)
             ... on level 7 of the Dungeon.
             The game lasted 00:01:56 (6230 turns).

qw the Skirmisher (Naga Hunter)                     Turns: 6230, Time: 00:01:56

HP:   -3/65 (74)    AC:  7    Str: 13    XL:     8   Next: 84%
MP:   8/11          EV: 13    Int: 10    God:    Okawaru [*.....]
Gold: 261           SH:  0    Dex: 22    Spells: 7/7 levels left

rFire   + . .        Y - +1 orcbow
rCold   . . .        (shield currently unavailable)
rNeg    . . .        l - +0 ring mail of Xiolos {rF+ Dex+5}
rPois   +            k - +0 helmet
rElec   .            (no cloak)
rCorr   .            (no gloves)
SInv    +            (no barding)
Will    +....        (no amulet)
Stlth   +++          (no ring)
HPRegen 0.30/turn    (no ring)
MPRegen 0.12/turn

%: no passive effects
@: about to teleport, short of breath, heroic, heavily drained, very slow
A: AC +2, large, see invisible, deformed body, poison resistance, slowness 2,
spit poison 1, naga tail 1
a: Spit Poison, Renounce Religion, Heroism


You were on level 7 of the Dungeon.
You worshipped Okawaru.
Okawaru was aware of your devotion.
You visited 1 branch of the dungeon, and saw 7 of its levels.

You collected 261 gold pieces.


Innate Abilities, Weirdness & Mutations

Your serpentine skin is tough. (AC +2)
You have supernaturally acute eyesight. (SInv)
Armour fits poorly on your strangely shaped body.
Your system is resistant to poisons. (rPois)
You cover ground very slowly.
You can spit poison.
You have a snake-like lower body.


   Skills:
 - Level 5.0(10.0) Fighting
 + Level 8.4(13.4) Ranged Weapons
 - Level 1.1(6.1) Armour
 - Level 2.5(7.5) Dodging
 - Level 1.5(6.5) Stealth
 - Level 4.1 Invocations


You had 7 spell levels left.
You didn't know any spells.
Your spell library was empty.

Inventory:

Hand Weapons
 Y - a +1 orcbow (weapon)
Armour
 k - a +0 helmet (worn)
 l - the +0 ring mail of Xiolos (worn) {rF+ Dex+5}
   (You found it on level 5 of the Dungeon)

   Dex:       It affects your dexterity (+5).
   rF:        It protects you from fire.
Jewellery
 g - a ring of ice
Scrolls
 b - 3 scrolls of identify
 i - 2 scrolls of teleportation
Potions
 a - a potion of cancellation
 e - a potion of mutation
 h - 4 potions of curing

Dungeon Overview and Level Annotations

Branches:
Dungeon (7/15)             Temple (0/1) D:4

Altars:
Gozag
Kikubaaqudgha
Makhleb
Nemelex Xobeh
Okawaru
Ru
Xom
The Shining One

Annotations:
D:2 1 runed translucent door, Crazy Yiuf


Message History

6225 ||| INVOKING Spit Poison.
Aiming: Spit Poison (1% risk of failure)
Press: ? - help, Shift-Dir - straight line, f - orc, p - wight The splash of poison misses the orc.
The splash of poison hits the wight.
The wight completely resists.
The orc hits you but does no damage.
You shoot an arrow. The arrow hits the wight!
The wight is severely damaged.
The orc hits you but does no damage. The wight hits you with a +2 falchion.
You feel drained. The wight barely misses you.
You shoot an arrow. The arrow hits the wight.
You destroy the wight!
Okawaru accepts your kill. The orc barely misses you.
The wight hits you from afar with a +0 trident!
You feel drained.
Your Invocations skill increases to level 4!
6228 ||| INVOKING Heroism.
You gain the combat prowess of a mighty hero.
You have got your breath back.
The orc hits you but does no damage. The wight barely misses you.
The wight hits you from afar with a +0 trident!
You feel drained. The wight hits you with a +0 scimitar!
You feel drained.
6229 ||| INVOKING Spit Poison.
Aiming: Spit Poison (1% risk of failure)
Press: ? - help, Shift-Dir - straight line, f - orc The splash of poison hits the orc but does no damage.
The orc is poisoned.
The orc hits you with a +0 short sword. The wight barely misses you.
The wight hits you from afar with a +0 trident!
The wight barely misses you.
6230 ||| READING 3 scrolls of teleportation.
As you read the scroll of teleportation, it crumbles to dust.
You feel strangely unstable.
The orc suddenly cheers.
The orc misses you.
The wight hits you from afar with a +0 halberd.
You feel drained. The wight barely misses you.
The wight hits you with a +0 scimitar!
You die...

#......%.....#
#.....<.....>#
#.......[....#
#............#
#.........(..#
.............######
.............##...# .
..............)).)##....
##......##...##.@o....).
#......##...##.z.z.....
#......#.........z.....
#......#....##...##....
#......#....##[..# ...
.... '....#....# ..
.#.?..#....# . #....#


You could see 3 wights and an orc (poisoned).

Vanquished Creatures
  A black bear (D:5)
  3 ice beasts
  2 ogres (D:5)
  A centaur (D:6)
  A kobold brigand (D:6)
  6 wights (D:7)
  2 hounds
  A jelly (D:5)
  2 orc priests (D:6)
  Ijyb (D:4)
  4 iguanas
  3 orc wizards
  8 adders
  A white imp (D:6)
  An ufetubus (D:5)
  A worm (D:3)
  3 dart slugs
  14 orcs
  6 endoplasms
  2 giant cockroaches
  8 hobgoblins
  9 kobolds
  2 quokkas
  7 ball pythons
  7 bats
  2 frilled lizards
  9 goblins
  2 rats
109 creatures vanquished.

Notes
Turn   | Place    | Note
-------+----------+-------------------------------------------
     0 | D:1      | qw the Naga Hunter began the quest for the Orb.
     0 | D:1      | Reached XP level 1. HP: 19/19 MP: 1/1
     0 | D:1      | 0 ||| qw: Version: 0.2-a-122-gbc61b45
     0 | D:1      | 0 ||| qw: Game counter: 3368
     0 | D:1      | 0 ||| qw: Always use a shield: true
     0 | D:1      | 0 ||| qw: God list: Okawaru
     0 | D:1      | 0 ||| qw: Allow faded altars: false
     0 | D:1      | 0 ||| qw: Do Orc after D:15 true
     0 | D:1      | 0 ||| qw: Do second Lair branch before Depths: true
     0 | D:1      | 0 ||| qw: Lair rune preference: random
     0 | D:1      | 0 ||| qw: Plans: Normal
     0 | D:1      | 0 ||| PLANNING D:1-11
    21 | D:1      | 21 ||| INVOKING Spit Poison.
    31 | D:1      | 31 ||| INVOKING Spit Poison.
    55 | D:1      | 55 ||| INVOKING Spit Poison.
    58 | D:1      | 58 ||| INVOKING Spit Poison.
    59 | D:1      | Reached skill level 4 in Ranged Weapons
    59 | D:1      | Reached XP level 2. HP: 24/26 MP: 2/2
    63 | D:1      | 63 ||| INVOKING Spit Poison.
    67 | D:1      | 67 ||| INVOKING Spit Poison.
    72 | D:1      | 72 ||| INVOKING Spit Poison.
   118 | D:1      | 118 ||| INVOKING Spit Poison.
   249 | D:1      | 249 ||| INVOKING Spit Poison.
   282 | D:1      | 282 ||| INVOKING Spit Poison.
   339 | D:1      | 339 ||| INVOKING Spit Poison.
   340 | D:1      | Reached XP level 3. HP: 32/32 MP: 3/3
   540 | D:1      | 540 ||| INVOKING Spit Poison.
   572 | D:1      | 572 ||| INVOKING Spit Poison.
   628 | D:1      | 628 ||| INVOKING Spit Poison.
   691 | D:1      | 691 ||| READING scroll labelled FIHUTZ LIMU.
   692 | D:1      | 692 ||| READING scroll labelled FUGORUOCING.
   693 | D:1      | 693 ||| READING 3 scrolls labelled VAD CYTREMO.
   694 | D:1      | 694 ||| READING scroll labelled IGHYUL DOPSYU.
   695 | D:1      | 695 ||| READING scroll labelled HERIURIGIMM.
   696 | D:1      | 696 ||| DROPPING scroll of butterflies.
   697 | D:1      | 697 ||| DROPPING 2 scrolls of fear.
   790 | D:2      | 790 ||| INVOKING Spit Poison.
   900 | D:2      | 900 ||| INVOKING Spit Poison.
   912 | D:2      | 912 ||| INVOKING Spit Poison.
  1013 | D:2      | Found a runed translucent door.
  1014 | D:2      | Noticed Crazy Yiuf
  1069 | D:2      | 1069 ||| INVOKING Spit Poison.
  1080 | D:2      | Found an iron altar of Okawaru.
  1081 | D:2      | 1081 ||| PLANNING OKAWARU WORSHIP
  1081 | D:2      | 1081 ||| READING scroll labelled MOGYLU HARUDD.
  1085 | D:2      | 1085 ||| READING scroll labelled AVADDE AFRYAPP.
  1227 | D:2      | Became a worshipper of Warmaster Okawaru
  1227 | D:2      | 1227 ||| PLANNING D:1-11
  1253 | D:2      | 1253 ||| INVOKING Spit Poison.
  1303 | D:2      | 1303 ||| INVOKING Spit Poison.
  1425 | D:2      | 1425 ||| INVOKING Spit Poison.
  1430 | D:2      | 1430 ||| INVOKING Spit Poison.
  1603 | D:2      | 1603 ||| INVOKING Spit Poison.
  1614 | D:2      | 1614 ||| INVOKING Spit Poison.
  1662 | D:2      | 1662 ||| INVOKING Spit Poison.
  1668 | D:2      | 1668 ||| INVOKING Spit Poison.
  1674 | D:2      | 1674 ||| INVOKING Spit Poison.
  1681 | D:2      | 1681 ||| INVOKING Spit Poison.
  1683 | D:2      | Reached skill level 5 in Ranged Weapons
  1683 | D:2      | Reached XP level 4. HP: 22/39 MP: 4/4
  1868 | D:2      | 1868 ||| DRINKING 3 murky golden potions.
  1869 | D:2      | 1869 ||| READING 3 scrolls of identify.
  1869 | D:2      | 1869 ||| IDENTIFYING orange potion
  1870 | D:2      | 1870 ||| READING 2 scrolls of identify.
  1870 | D:2      | 1870 ||| IDENTIFYING fuming pink potion
  1871 | D:2      | 1871 ||| DROPPING potion of attraction.
  1872 | D:2      | 1872 ||| DROPPING potion of enlightenment.
  1941 | D:3      | 1941 ||| INVOKING Spit Poison.
  1948 | D:3      | 1948 ||| INVOKING Spit Poison.
  1981 | D:3      | 1981 ||| INVOKING Spit Poison.
  1987 | D:3      | 1987 ||| INVOKING Spit Poison.
  1988 | D:3      | 1988 ||| INVOKING Spit Poison.
  2047 | D:3      | 2047 ||| INVOKING Spit Poison.
  2051 | D:3      | 2051 ||| INVOKING Spit Poison.
  2057 | D:3      | 2057 ||| INVOKING Spit Poison.
  2375 | D:3      | 2375 ||| INVOKING Spit Poison.
  2378 | D:3      | Reached skill level 3 in Fighting
  2394 | D:3      | 2394 ||| INVOKING Spit Poison.
  2424 | D:3      | Found an opulent altar of Gozag.
  2439 | D:3      | Reached XP level 5. HP: 49/49 MP: 5/5
  2716 | D:3      | 2716 ||| INVOKING Spit Poison.
  2780 | D:3      | 2780 ||| INVOKING Spit Poison.
  2882 | D:3      | 2882 ||| UPGRADING to +0 helmet.
  2887 | D:3      | 2887 ||| READING 2 scrolls labelled BIOXIQ HORYT.
  2888 | D:3      | 2888 ||| READING scroll labelled ROYPIU PINI.
  2889 | D:3      | 2889 ||| DRINKING 2 clear potions.
  2890 | D:3      | 2890 ||| READING 2 scrolls of identify.
  2890 | D:3      | 2890 ||| IDENTIFYING red potion
  2891 | D:3      | 2891 ||| DROPPING potion of berserk rage.
  2892 | D:3      | 2892 ||| DROPPING scroll of magic mapping.
  2893 | D:3      | 2893 ||| DROPPING potion of brilliance.
  2987 | D:4      | 2987 ||| INVOKING Spit Poison.
  2992 | D:4      | 2992 ||| INVOKING Spit Poison.
  2998 | D:4      | 2998 ||| INVOKING Spit Poison.
  3016 | D:4      | 3016 ||| INVOKING Spit Poison.
  3020 | D:4      | 3020 ||| INVOKING Spit Poison.
  3084 | D:4      | 3084 ||| INVOKING Spit Poison.
  3105 | D:4      | 3105 ||| INVOKING Spit Poison.
  3107 | D:4      | Noticed Ijyb
  3112 | D:4      | 3112 ||| INVOKING Spit Poison.
  3118 | D:4      | 3118 ||| INVOKING Spit Poison.
  3118 | D:4      | Killed Ijyb
  3213 | D:4      | Found a staircase to the Ecumenical Temple.
  3231 | D:4      | 3231 ||| INVOKING Spit Poison.
  3260 | D:4      | Found a sacrificial altar of Ru.
  3260 | D:4      | Found a shimmering altar of Xom.
  3260 | D:4      | Found an ancient bone altar of Kikubaaqudgha.
  3268 | D:4      | 3268 ||| INVOKING Spit Poison.
  3370 | D:4      | 3370 ||| INVOKING Spit Poison.
  3373 | D:4      | 3373 ||| INVOKING Spit Poison.
  3480 | D:4      | 3480 ||| INVOKING Spit Poison.
  3489 | D:4      | 3489 ||| INVOKING Spit Poison.
  3496 | D:4      | 3496 ||| INVOKING Spit Poison.
  3638 | D:4      | 3638 ||| READING 4 scrolls of identify.
  3638 | D:4      | 3638 ||| IDENTIFYING dark potion
  3639 | D:4      | 3639 ||| READING 3 scrolls of identify.
  3639 | D:4      | 3639 ||| IDENTIFYING fuming black potion
  3640 | D:4      | 3640 ||| READING 2 scrolls of identify.
  3640 | D:4      | 3640 ||| IDENTIFYING golden potion
  3641 | D:4      | 3641 ||| DROPPING potion of lignification.
  3660 | D:5      | Entered Level 5 of the Dungeon
  3702 | D:5      | Noticed an ogre
  3703 | D:5      | 3703 ||| INVOKING Spit Poison.
  3707 | D:5      | 3707 ||| INVOKING Spit Poison.
  3707 | D:5      | Killed an ogre
  3708 | D:5      | Reached skill level 6 in Ranged Weapons
  3708 | D:5      | Reached XP level 6. HP: 26/56 MP: 6/6
  3812 | D:5      | 3812 ||| INVOKING Spit Poison.
  3816 | D:5      | 3816 ||| INVOKING Spit Poison.
  3966 | D:5      | 3966 ||| INVOKING Spit Poison.
  4045 | D:5      | 4045 ||| INVOKING Spit Poison.
  4051 | D:5      | 4051 ||| INVOKING Spit Poison.
  4149 | D:5      | Noticed an ice beast
  4159 | D:5      | Killed an ice beast
  4159 | D:5      | Reached * piety under Okawaru
  4160 | D:5      | Reached XP level 7. HP: 50/66 MP: 7/7
  4301 | D:5      | 4301 ||| INVOKING Spit Poison.
  4307 | D:5      | 4307 ||| INVOKING Spit Poison.
  4308 | D:5      | 4308 ||| INVOKING Spit Poison.
  4311 | D:5      | 4311 ||| INVOKING Spit Poison.
  4314 | D:5      | 4314 ||| DRINKING 6 potions of curing.
  4314 | D:5      | 4314 ||| (to cure confusion)
  4315 | D:5      | 4315 ||| INVOKING Spit Poison.
  4316 | D:5      | 4316 ||| DRINKING 5 potions of curing.
  4316 | D:5      | 4316 ||| (to cure confusion)
  4320 | D:5      | 4320 ||| INVOKING Spit Poison.
  4324 | D:5      | 4324 ||| INVOKING Spit Poison.
  4325 | D:5      | Reached skill level 1 in Invocations
  4429 | D:5      | 4429 ||| INVOKING Heroism.
  4433 | D:5      | 4433 ||| INVOKING Spit Poison.
  4436 | D:5      | Reached skill level 7 in Ranged Weapons
  4438 | D:5      | 4438 ||| INVOKING Spit Poison.
  4546 | D:5      | 4546 ||| INVOKING Heroism.
  4569 | D:5      | 4569 ||| INVOKING Spit Poison.
  4579 | D:5      | Found a burning altar of Makhleb.
  4695 | D:5      | Identified the +0 ring mail of Xiolos {rF+ Dex+5}
  4718 | D:5      | Found a sparkling altar of Nemelex Xobeh.
  4733 | D:5      | 4733 ||| UPGRADING to +0 ring mail of Xiolos {rF+ Dex+5}.
  4743 | D:5      | 4743 ||| DROPPING +0 leather armour.
  4744 | D:5      | 4744 ||| READING scroll labelled BAMULA MEFYESI.
  4745 | D:5      | 4745 ||| READING 2 scrolls of identify.
  4745 | D:5      | 4745 ||| IDENTIFYING white potion
  4746 | D:5      | 4746 ||| DROPPING potion of degeneration.
  4773 | D:6      | 4773 ||| INVOKING Spit Poison.
  4797 | D:6      | 4797 ||| INVOKING Heroism.
  4798 | D:6      | 4798 ||| INVOKING Spit Poison.
  4804 | D:6      | 4804 ||| INVOKING Spit Poison.
  4808 | D:6      | Reached skill level 1 in Armour
  4808 | D:6      | Reached XP level 8. HP: 53/73 MP: 6/9
  4961 | D:6      | 4961 ||| INVOKING Spit Poison.
  4967 | D:6      | 4967 ||| INVOKING Spit Poison.
  4971 | D:6      | 4971 ||| INVOKING Spit Poison.
  4973 | D:6      | 4973 ||| INVOKING Heroism.
  4979 | D:6      | 4979 ||| INVOKING Spit Poison.
  5294 | D:6      | 5294 ||| INVOKING Spit Poison.
  5346 | D:6      | 5346 ||| INVOKING Spit Poison.
  5365 | D:6      | 5365 ||| INVOKING Spit Poison.
  5395 | D:6      | Found a glowing golden altar of the Shining One.
  5396 | D:6      | 5396 ||| INVOKING Spit Poison.
  5420 | D:6      | 5420 ||| INVOKING Spit Poison.
  5424 | D:6      | 5424 ||| INVOKING Spit Poison.
  5427 | D:6      | Reached skill level 8 in Ranged Weapons
  5614 | D:6      | 5614 ||| SWAPPING to +0 orcbow.
  5615 | D:6      | 5615 ||| DROPPING +0 shortbow.
  5839 | D:6      | 5839 ||| READING scroll labelled NEMILY ACSA.
  5840 | D:6      | 5840 ||| READING 4 scrolls of identify.
  5840 | D:6      | 5840 ||| IDENTIFYING silvery potion
  5841 | D:6      | 5841 ||| DROPPING potion of invisibility.
  5887 | D:7      | 5887 ||| INVOKING Spit Poison.
  5892 | D:7      | 5892 ||| INVOKING Spit Poison.
  5945 | D:7      | Reached skill level 3 in Invocations
  5948 | D:7      | 5948 ||| INVOKING Spit Poison.
  5950 | D:7      | 5950 ||| INVOKING Heroism.
  5954 | D:7      | 5954 ||| READING 4 scrolls of teleportation.
  5955 | D:7      | 5955 ||| INVOKING Spit Poison.
  5955 | D:7      | HP: 10/68 [wight/+0 halberd (7)]
  5956 | D:7      | HP: 3/68 [wight/+0 trident (3)]
  6225 | D:7      | 6225 ||| INVOKING Spit Poison.
  6228 | D:7      | 6228 ||| INVOKING Heroism.
  6229 | D:7      | 6229 ||| INVOKING Spit Poison.
  6229 | D:7      | HP: 11/66 [wight/+0 trident (7)]
  6230 | D:7      | 6230 ||| READING 3 scrolls of teleportation.
  6230 | D:7      | HP: 5/66 [wight/+0 halberd (6)]
  6230 | D:7      | Slain by a wight

Levels and vault maps discovered:
D:1:      spicycebolla_arrival_xxxplode, layout_basic, minmay_indecisive_spiral
D:2:      kb_forest_paths, layout_basic, basic_altar, dk_vineyard_3,
          nicolae_kite_square_tiling_tiny, uniq_crazy_yiuf_cottage
D:3:      layout_loops_corners, old_standard_altar, kennysheep_nondescript,
          grunt_ministairs_6
D:4:      layout_loops_ring, gammafunk_temple_overflow_claw,
          minmay_temple_entry_drinking_statues, minivault_19, uniq_ijyb
D:5:      layout_loops_ring, overflow_temple_1_default,
          nemelex_xobeh_ov_fountains_minmay, st_stairs_8,
          kennysheep_decorative_pillar, kennysheep_generic_room_2
D:6:      layout_gridville, mainiacjoe_overflow_24_doors
D:7:      layout_gridville, nicolae_uskayaw_murder_on_the_dancefloor

Skill      XL: |  1  2  3  4  5  6  7  8 |
---------------+-------------------------+-----
Ranged Weapons | 4 5 6 7 8 |  8.4
Fighting       | 3 4 5 |  5.0
Invocations    | 1 4 |  4.1
Dodging        | 2 |  2.5
Armour         | 1 |  1.1
Stealth        | |  1.5

Action                     |  1- 3 |  4- 6 |  7- 9 || total
---------------------------+-------+-------+-------++-------
   Fire: Shortbow          |    73 |    99 |    90 ||   262
         Orcbow            |       |       |    42 ||    42
 Invoke: Heroism           |       |       |     6 ||     6
Ability: Spit Poison       |    28 |    34 |    28 ||    90
    Use: Scroll            |     7 |     8 |     6 ||    21
         Potion            |       |     2 |     2 ||     4
 Armour: Leather armour    |     9 |     9 |     6 ||    24
         Ring mail         |       |       |    28 ||    28
  Dodge: Dodged            |    22 |    29 |    67 ||   118

Table legend:
 A = Non-vault XP
 B = Vault XP
 C = Vault XP percentage of total XP
 D = Non-vault monster count
 E = Vault monster count
 F = Vault count percentage of total count
                 A         B        C        D         E       F
            +---------+---------+-------+---------+---------+-------
      Total |    1937 |     235 |  10.8 |      93 |      16 |  14.7
            +---------+---------+-------+---------+---------+-------
        D:1 |      41 |       5 |  10.9 |      20 |       4 |  16.7
        D:2 |      24 |      20 |  45.5 |       7 |       6 |  46.2
        D:3 |      72 |       6 |   7.7 |      13 |       2 |  13.3
        D:4 |      64 |      38 |  37.3 |      14 |       1 |   6.7
        D:5 |     695 |     166 |  19.3 |      14 |       3 |  17.6
        D:6 |     402 |       0 |   0.0 |      16 |       0 |   0.0
        D:7 |     639 |       0 |   0.0 |       9 |       0 |   0.0
            +---------+---------+-------+---------+---------+-------
